 Dungeon Crawl Stone Soup version 0.28.0-53-g5a82cb258f (webtiles) character file.

Game seed: 2259773416050092045

738 cbfl8 the Chopper (level 7, -14/63 HPs)
             Began as a Minotaur Berserker on Aug 20, 2022.
             Was a Priest of Trog.
             Demolished by an orc warrior
             ... wielding a +0 halberd
              (16 damage)
             ... on level 6 of the Dungeon.
             The game lasted 00:04:07 (3378 turns).

cbfl8 the Chopper (Minotaur Berserker)              Turns: 3378, Time: 00:04:08

Health: -14/63     AC:  5    Str: 22    XL:     7   Next: 46%
Magic:  6/6        EV: 10    Int:  4    God:    Trog [***...]
Gold:   451        SH:  7    Dex: 11    Spells: 6/6 levels left

rFire   . . .      SeeInvis .   l - +1 war axe
rCold   . . .      Faith    .   k - +0 kite shield
rNeg    . . .      Spirit   .   e - +0 ring mail
rPois   .          Reflect  .   (helmet restricted)
rElec   .          Harm     .   (no cloak)
rCorr   +          Rampage  .   (no gloves)
Will    .....                   (no boots)
Stlth   +.........              (no amulet)
HPRegen 0.20/turn               d - ring of resist corrosion
MPRegen 0.10/turn               (no ring)

@: no status effects
A: horns 2, retaliatory headbutt
a: Renounce Religion, Berserk, Trog's Hand


You were on level 6 of the Dungeon.
You worshipped Trog.
Trog was most pleased with you.
You visited 1 branch of the dungeon, and saw 5 of its levels.
You also visited: Ossuary.

You collected 451 gold pieces.

Inventory:

Hand Weapons
 g - a +1 antimagic trident
 l - a +1 war axe (weapon)
Armour
 e - a +0 ring mail (worn)
 k - a +0 kite shield (worn)
 p - a +0 pair of gloves
Jewellery
 d - a ring of resist corrosion (left hand)
Wands
 n - a wand of iceblast (8) (quivered)
 o - a wand of flame (14)
Scrolls
 a - a scroll of acquirement {unknown}
 b - 2 scrolls of enchant weapon
 h - a scroll of summoning {unknown}
 i - a scroll of teleportation
 s - a scroll of vulnerability {unknown}
Potions
 c - a potion of mutation {unknown}
 f - a potion of heal wounds {unknown}
 j - 2 potions of curing {unknown}
 m - a potion of brilliance {unknown}
 q - 3 potions of resistance {unknown}
 r - a potion of lignification {unknown}


   Skills:
 * Level 6.0 Fighting
 + Level 6.2(6.4) Axes
 + Level 2.1(4.5) Polearms
 + Level 4.1 Armour
 * Level 4.1 Dodging
 + Level 0.4 Stealth
 + Level 1.3 Shields
 * Level 2.3 Evocations


You had 6 spell levels left.
You didn't know any spells.
Your spell library was empty.

Dungeon Overview and Level Annotations

Branches:
Dungeon (4/15)            Ossuary (visited)
 Temple: D:4-7

Altars:
Xom

Shops:
D:2 [


Innate Abilities, Weirdness & Mutations

You have a pair of horns on your head.
You reflexively headbutt those who attack you in melee.


Message History

You slash the orc!
The orc is almost dead.
The orc closely misses you. The orc hits you with a +0 short sword.
You barely miss the orc.
The orc is almost dead.
The orc hits you with a +0 short sword.
You hit the orc.
You kill the orc!
Trog accepts your kill. The centaur skeleton hits you.
You block the centaur skeleton's attack.
You slash the centaur skeleton!
The centaur skeleton is heavily damaged.
You block the centaur skeleton's attack.
The centaur skeleton kicks you but does no damage.
The centaur skeleton hits you but does no damage.
The centaur skeleton barely misses you.
An orc warrior comes into view. It is wielding a +0 halberd.
The orc warrior shouts!
You slash the centaur skeleton! You headbutt the centaur skeleton.
You destroy the centaur skeleton!
Trog accepts your kill.
Your Fighting skill increases to level 6!
A centaur comes into view.
Items here: )) ? [[ †.
Unknown command.
You see here a black bear corpse.
The orc warrior hits you with a +0 halberd!
You hit the orc warrior. You headbutt the orc warrior!
The orc warrior is heavily wounded.
The orc warrior hits you with a +0 halberd!
You closely miss the orc warrior. Your headbutt misses the orc warrior.
The orc warrior is heavily wounded.
The orc warrior hits you with a +0 halberd.
The orc warrior hits you with a +0 halberd!!
* * * LOW HITPOINT WARNING * * *
You hit the orc warrior but do no damage.
The orc warrior is heavily wounded.
The orc warrior hits you with a +0 halberd!
You die...

### #### #.#
############..## ###
#.####..............#
...#......#######.#....#
#####.#..###########.#....#
..........c.)†.@o....#....#
#####c#...##########.##...#
#.#...# #.##...# # #..h#
###.##...# #.....
.....#...# ...o.## #......#
###...# ###.....## .o#..
.........# .###..
###(.....#


You could see an orc warrior and a centaur (wandering).

Vanquished Creatures
  An ogre (D:4)
  A black bear (D:6)
  2 elf zombies (Ossuary)
  3 centaur zombies (Ossuary)
  A hound (D:4)
  A jelly (D:4)
  A centaur skeleton (D:6)
  Ijyb (D:3)
  An orc wizard (D:6)
  2 mummies (Ossuary)
  A gnoll (D:1)
  8 adders
  A worm (D:3)
  A dart slug (D:2)
  3 orcs
  7 ball pythons
  2 endoplasms (D:1)
  3 giant cockroaches
  6 goblins
  4 hobgoblins
  4 jackals (D:2)
  6 kobolds
  8 quokkas
  4 bats
  2 frilled lizards
  2 gnoll zombies (Ossuary)
  3 goblin zombies (Ossuary)
  2 hobgoblin zombies (Ossuary)
  2 orc zombies (Ossuary)
  10 rats
  A spectral hobgoblin (D:3)
94 creatures vanquished.

Notes
Turn   | Place    | Note
-------+----------+-------------------------------------------
     0 | D:1      | cbfl8 the Minotaur Berserker began the quest for the Orb.
     0 | D:1      | Reached XP level 1. HP: 19/19 MP: 0/0
   512 | D:1      | Reached XP level 2. HP: 23/27 MP: 1/1
   912 | D:1      | Reached XP level 3. HP: 28/34 MP: 2/2
  1021 | D:2      | Found Ponot's Antique Armour Boutique.
  1158 | D:2      | Reached ** piety under Trog
  1222 | D:2      | Reached XP level 4. HP: 41/41 MP: 1/3
  1450 | D:2      | Reached skill level 5 in Fighting
  1746 | D:3      | Reached skill level 1 in Polearms
  1903 | D:3      | Found a faded altar of an unknown god.
  2148 | D:3      | Noticed Ijyb
  2156 | D:3      | Killed Ijyb
  2157 | D:3      | Reached skill level 1 in Evocations
  2157 | D:3      | Reached XP level 5. HP: 42/48 MP: 4/4
  2443 | D:4      | Found a shimmering altar of Xom.
  2443 | D:4      | Noticed an ogre
  2448 | D:4      | Killed an ogre
  2449 | D:4      | Reached XP level 6. HP: 56/56 MP: 5/5
  2594 | D:4      | Found a sand-covered staircase.
  2615 | D:4      | Reached skill level 5 in Axes
  2628 | Ossuary  | Entered an ossuary
  2640 | Ossuary  | Reached *** piety under Trog
  2654 | Ossuary  | Reached skill level 1 in Shields
  2845 | Ossuary  | Reached XP level 7. HP: 33/62 MP: 6/6
  3307 | D:4      | You fall into a shaft and drop 2 floors!
  3377 | D:6      | HP: 2/63 [orc warrior/+0 halberd (18)]
  3378 | D:6      | Demolished by an orc warrior

Illustrated notes

Levels and vault maps discovered:
D:1:      dpeg_arrival_fog, layout_rooms, chequers_hall_statues_corner_a
D:2:      layout_loops_ring, serial_shops, nicolae_shop_hallway_stairs
D:3:      layout_rooms, dreamdust_ecumenical_altar_drowned_temple, uniq_ijyb
D:4:      layout_basic, mainiacjoe_overflow_six_doors_small,
          nicolae_ossuary_entry_monument, pf_guarded_unrand_meek
D:6:      layout_basic, mainiacjoe_overflow_alcove_2, minivault_10,
          mrwooster_statue_mirror, minmay_ruined_shrine

Skill      XL: |  1  2  3  4  5  6  7 |
---------------+----------------------+-----
Fighting       | 4 5 6 |  6.0
Axes           | 4 5 6 |  6.2
Dodging        | 3 4 |  4.1
Polearms       | 1 2 |  2.1
Evocations     | 1 2 |  2.3
Armour         | 3 4 |  4.1
Shields        | 1 |  1.3
Stealth        | |  0.4

Action                   |  1- 3 |  4- 6 |  7- 9 || total
-------------------------+-------+-------+-------++-------
Melee: Hand axe          |    52 |       |       ||    52
       Headbutt          |     6 |    22 |     3 ||    31
       Trident           |    23 |    41 |       ||    64
       War axe           |       |    77 |    18 ||    95
Invok: Berserk           |     1 |     3 |       ||     4
  Use: Scroll            |       |     2 |       ||     2
 Stab: Distracted        |       |     1 |       ||     1
Armor: Ring mail         |    13 |    51 |     4 ||    68
       Animal skin       |     1 |       |       ||     1
Dodge: Dodged            |    46 |    76 |    10 ||   132
Block: Kite shield       |       |    44 |     3 ||    47
